Match 42780036
Unlisted

Match 42780036
End
Engineer Squad
Selects Special Operations Battlegroup
Selects M29 Weasel Recon Vehicle
M29 Weasel Recon Vehicle
Construct Weapon Support Center
M1919 Machine Gun Team
M29 Weasel Recon Vehicle
Infantry Support Center
M3 Armored Personnel Carrier
Engineer Squad
Bazooka Squad
Selects Raiding Flares
Selects SSF Commando Squad
SSF Commando Squad
Construct Tank Depot
SSF Commando Squad
M4A1 Sherman Medium Tank
Selects Mark Vehicle
Improved M9 Bazooka Rockets
Mark Vehicle
TwistedTootsy
Thomas Shelby
.
米浴
Reactive
A2O
JZuna
Dsadow
0
0

Comments sign in to comment!

No comments posted yet!